Map: Newkirk Precinct TE (Void)

Players

Musumeci - Winner!

  • Race: Zerg Zerg
  • League: Diamond
  • Spawn Location: 5:00

Morgane

  • Race: Terran Terran
  • League: Diamond
  • Spawn Location: 7:00

VOD

Have the link to the VOD?

Description

Time

  • Played on: March 24, 2017, 8:53 a.m.
  • Length: 10:50
Show
View Real Time Build Order
Export as new Build Order

Musumeci Zerg - Winner!

Build Orders: Hatch First 

Get SALT Encoding   

  12  0:00  Drone  
  13  0:08  Drone  
  14  0:16  Extractor  
  14  0:19  Drone  
  15  0:45  Hatchery  
  15  0:46  Extractor  
  15  0:47  Drone  
  15  1:01  Spawning Pool  
  14  1:04  Extractor  
  14  1:07  Drone  
  14  1:11  Extractor  
  14  1:14  Drone  
  16  1:36  Overlord  
  16  1:54  Queen, Drone x3  
  16  1:58  Queen, Drone  
  24  2:05  Drone  
  25  2:08  Drone  
  26  2:16  Drone  
  27  2:23  Overlord  
  27  2:30  Drone  
  27  2:35  Drone, Extractor  
  28  2:41  Queen x2  
  28  2:42  Overlord  
  32  2:45  Extractor  
  32  2:46  Drone  
  32  2:48  Drone  
  32  2:50  Drone  
  35  2:59  Drone  
  35  3:01  Overlord  
  35  3:03  Extractor  
  36  3:07  Drone  
  37  3:14  Drone x7  
  37  3:15  Extractor  
  45  3:36  Drone x4  
  48  3:54  Evolution Chamber  
  48  3:55  Evolution Chamber  
  46  3:58  Drone x7, Evolution Chamber  
  46  4:01  Overlord  
  52  4:09  Extractor x2  
  50  4:12  Extractor, Roach Warren  
  48  4:18  Drone x3, Extractor  
  48  4:21  Hatchery  
  49  4:29  Drone x3  
  52  4:39  Drone x3  
  55  4:54  Roach x2  
  59  5:05  Lair  
  59  5:07  Overlord x4  
  59  5:13  Overlord x2  
  59  5:16  Roach, Extractor  
  60  5:21  Zerg Missile Weapons Level 1  
  60  5:22  Zerg Ground Armor Level 1  
  60  5:24  Extractor  
  59  5:30  Roach x4  
  59  5:31  Roach  
  69  5:42  Drone x7  
  76  6:04  Glial Reconstitution  
  76  6:07  Roach  
  76  6:08  Roach x12  
  102  6:11  Overlord  
  102  6:36  Spore Crawler  
  102  6:37  Spore Crawler  
  102  6:39  Spore Crawler  
  99  6:41  Spore Crawler  
  99  6:43  Ravager x3  
  99  6:44  Ravager  
  102  6:51  Ravager  
  102  6:52  Ravager  
  102  6:53  Ravager  
  95  6:54  Ravager  
  95  7:07  Roach x2  
  95  7:08  Roach x7  
  113  7:09  Overlord x5  
  113  7:15  Drone  
  114  7:17  Overlord  
  114  7:18  Overlord  
  114  7:28  Drone  
  114  7:29  Drone x6  
  121  7:32  Ravager x3  
  124  7:43  Drone x4  
  128  7:46  Zerg Missile Weapons Level 2  
  128  7:51  Zerg Ground Armor Level 2  
  128  7:57  Roach  
  128  7:58  Roach  
  132  7:59  Drone  
  132  8:00  Drone  
  132  8:01  Drone  
  132  8:05  Drone x3  
  138  8:08  Ravager x4  
  142  8:22  Spine Crawler x2, Spore Crawler x2  
  142  8:25  Ravager x3  
  142  8:26  Ravager x4  
  145  8:35  Overlord x4  
  145  8:54  Roach x8  
  145  8:55  Roach x3  
  167  8:57  Ravager x2  
  167  8:58  Ravager  
  170  9:05  Drone  
  171  9:13  Infestation Pit  
  171  9:16  Hatchery  
  169  9:44  Roach x7  
  169  9:45  Roach x5  
  193  9:59  Overlord x2  
Show
View Real Time Build Order
Export as new Build Order

Morgane Terran 

Build Orders: Reaper Expand, Bio Mine 

Get SALT Encoding   

  12  0:02  SCV  
  13  0:14  SCV  
  13  0:19  Supply Depot  
  14  0:26  SCV  
  15  0:29  Refinery  
  15  0:41  SCV  
  16  0:46  Barracks  
  16  0:53  SCV  
  17  1:05  SCV  
  18  1:17  SCV  
  19  1:33  Orbital Command, Reaper  
  20  1:47  Command Center  
  20  1:58  Factory  
  20  2:02  SCV  
  20  2:07  Barracks Reactor  
  21  2:14  SCV  
  22  2:19  Supply Depot  
  22  2:26  SCV  
  23  2:47  SCV  
  23  2:51  Barracks Tech Lab  
  24  2:53  Hellion x2  
  28  2:59  SCV  
  28  3:00  Orbital Command  
  29  3:11  SCV, Marine, Stimpack  
  31  3:14  Hellion x2  
  31  3:15  Refinery  
  35  3:23  SCV  
  35  3:26  SCV  
  37  3:29  Marine  
  38  3:35  SCV  
  38  3:38  SCV  
  38  3:40  Barracks  
  40  3:41  Barracks  
  40  3:47  SCV, Factory Reactor  
  41  3:50  SCV  
  42  3:56  Supply Depot  
  42  3:58  Marine  
  42  3:59  Supply Depot  
  42  4:00  SCV  
  45  4:02  SCV  
  45  4:09  Engineering Bay  
  45  4:12  SCV  
  46  4:17  SCV  
  46  4:18  Marine  
  46  4:20  Supply Depot  
  46  4:24  SCV  
  49  4:26  Starport  
  49  4:30  SCV  
  49  4:31  Factory Reactor  
  50  4:34  Supply Depot  
  50  4:36  SCV  
  50  4:37  Marine, Terran Infantry Weapons Level 1  
  52  4:38  Marine  
  52  4:41  Marine  
  52  4:44  Marine  
  52  4:45  Marine  
  56  4:48  Supply Depot  
  56  4:50  SCV x2  
  58  5:00  Marine  
  58  5:01  Marine  
  60  5:07  SCV  
  60  5:13  SCV  
  62  5:16  Supply Depot, Factory Reactor  
  62  5:19  SCV, Marine x3  
  62  5:20  Medivac x2  
  70  5:27  SCV, Supply Depot  
  71  5:29  Marine x2  
  71  5:31  Supply Depot  
  73  5:36  Marine, Combat Shields  
  73  5:42  SCV  
  75  5:48  Command Center  
  75  5:50  Medivac  
  75  5:51  Refinery x2  
  75  5:52  Supply Depot  
  75  5:54  Marine x2  
  75  5:56  Widow Mine  
  81  5:57  Widow Mine  
  81  6:00  Marine x2  
  85  6:05  SCV  
  86  6:11  SCV  
  86  6:12  Marine x2  
  86  6:15  Supply Depot  
  86  6:18  Marine x3  
  92  6:26  SCV  
  92  6:30  Widow Mine x2, Marine x2  
  92  6:31  Terran Infantry Armor Level 1  
  99  6:34  Medivac x2  
  99  6:36  SCV, Marine x2  
  106  6:48  Marine x3  
  106  6:53  Marine  
  104  6:57  Marine  
  101  7:02  Liberator x2  
  101  7:03  SCV  
  101  7:05  Marine  
  101  7:06  Armory, Marine x2  
  103  7:09  Engineering Bay  
  103  7:11  Marine  
  103  7:15  Widow Mine, Marine  
  104  7:16  Widow Mine  
  115  7:23  Marine x2  
  117  7:35  Marine x2  
  119  7:50  Liberator, Marine x3  
  119  7:51  Widow Mine x2  
  122  7:53  Marine  
  122  7:57  Barracks  
  122  7:58  Orbital Command, Barracks  
  127  7:59  SCV  
  127  8:00  Starport  
  127  8:01  Factory  
  127  8:03  SCV  
  132  8:13  Marine x3  
  132  8:15  Marine  
  136  8:22  Marine  
  136  8:25  SCV x2  
  139  8:28  Supply Depot  
  139  8:31  Marine x2  
  139  8:32  Supply Depot  
  141  8:37  Starport Reactor  
  141  8:48  Factory Tech Lab  
  141  8:49  Barracks Reactor, SCV, Marine x2  
  141  8:50  SCV x2, Barracks Tech Lab  
  141  8:51  Widow Mine  
  141  8:53  Widow Mine  
  150  9:01  Marine x3  
  150  9:02  SCV x2  
  155  9:05  Refinery  
  155  9:07  Marine x2  
  155  9:08  Refinery  
  157  9:12  Drilling Claws, Supply Depot  
  157  9:25  Marine x2  
  157  9:27  Medivac  
  157  9:29  Marine  
  157  9:31  Marine  
  157  9:33  Marauder  
  157  9:34  Marauder  
  155  9:41  SCV  
  155  9:44  Liberator  
  143  9:47  SCV  
  144  9:54  Marauder  
  144  9:55  Marauder, Marine x2  
  144  9:56  Siege Tank  
  144  9:57  Widow Mine x2, Command Center  
  154  10:15  Marauder, Marine x2  
  154  10:17  Marauder  
  154  10:20  Medivac  
  159  10:27  Marine x3  
Tags
 
Add a new tag
Caveats
  • Supply blocks, unpowered buildings, or Contaminate may cause inaccurate times.
  • Supply counts are checked every 10 seconds.